AoeStats
← Laiklik

Arena

509849354Analyzed
2v2 RM · 3d ago on Sep 28, 2026· 42m 1s· 4 players
Game mode
Random Map
Map size
Medium (4 player)
Population
200
Speed
Normal
Resources
Standard
Victory
Conquest
Starting age
Dark Age
Ending age
Imperial Age
RankedLock teamsTeams togetherTeam positionsShared explorationLock speedFull tech treeHidden civsTurbo modeCheats
Victory
Defeat
🇺🇸 Bohemians · United States
971
+16
🇹🇼 Teutons · Taiwan
930
+17
🇹🇷 Tatars · Türkiye
963
-17
🇹🇷 Britons · Türkiye
957
-16
lineric1995
0:26 Loom
10:55 Feudal Age
11:45 Horse Collar
11:51 Double-Bit Axe
18:35 Castle Age
19:29 Heavy Plow
19:40 Bow Saw
21:40 Wheelbarrow
22:46 Pikeman
28:25 Imperial Age
27:18 Chemistry
27:09 Fletching
27:20 Scale Mail Armor
27:46 Ballistics
28:45 Chain Mail Armor
30:35 Two-Man Saw
30:44 Conscription
31:42 Wagenburg Tactics
31:23 Halberdier
33:22 Squires
34:52 Elite Hussite Wagon
35:51 Houfnice
38:00 Bodkin Arrow
38:05 Padded Archer Armor
39:27 Bracer
39:43 Leather Archer Armor
41:17 Hussite Reforms
stickysushi
7:01 Loom
10:56 Feudal Age
12:58 Fletching
19:35 Horse Collar
26:05 Castle Age
24:27 Double-Bit Axe
35:07 Wheelbarrow
34:17 Town Watch
40:10 Imperial Age
38:49 Fortified Wall
38:59 Ballistics
38:42 Heavy Plow
38:54 Bow Saw
39:23 Gold Mining
40:57 Hand Cart
40:42 Bodkin Arrow
40:47 Padded Archer Armor
41:18 Conscription
42:13 Chemistry
42:31 Leather Archer Armor
42:17 Scale Mail Armor
Laiklik
0:30 Loom
10:17 Feudal Age
11:38 Double-Bit Axe
16:02 Castle Age
14:46 Stone Mining
24:37 Horse Collar
26:04 Man-at-Arms
28:41 Wheelbarrow
28:15 Scale Barding Armor
28:21 Forging
28:37 Heavy Plow
30:25 Hand Cart
29:55 Long Swordsman
31:07 Elite Skirmisher
32:46 Forging
34:19 Iron Casting
38:57 Imperial Age
37:39 Scale Mail Armor
direwolf6431
0:27 Loom
11:00 Feudal Age
15:45 Castle Age
14:48 Man-at-Arms
33:24 Long Swordsman
33:50 Gambesons
37:19 Wheelbarrow
37:00 Squires
40:03 Husbandry
Connection lost

Rejoining the realm…

Still unreachable

The connection could not be restored.

Session expired

The server has moved on; the page needs a fresh start.